 Dungeon Crawl Stone Soup version 0.32-a0-540-g866d13106e (webtiles) character file.

Game seed: 6118128981408916629

160 Sobieck the Firebug (level 5, 0/40 HPs)
             Began as a Mountain Dwarf Fire Elementalist on Feb 28, 2024.
             Succumbed to a kobold brigand's curare-tipped dart
             ... on level 3 of the Dungeon.
             The game lasted 00:04:31 (2335 turns).

Sobieck the Firebug (MDFE)                          Turns: 2335, Time: 00:04:32

Health: 0/40       AC:  8    Str: 11    XL:     5   Next: 17%
Magic:  1/9        EV: 10    Int: 17    God:
Gold:   151        SH:  0    Dex: 10    Spells: 6/9 levels left

rFire   . . .        h - +2 whip (venom)
rCold   . . .        (no shield)
rNeg    . . .        s - +0 ring mail
rPois   .            n - +0 helmet
rElec   .            u - +0 cloak
rCorr   .            d - +0 pair of gloves
SInv    .            (no boots)
Will    .....        (no amulet)
Stlth   +            (no ring)
HPRegen 0.26/turn    (no ring)
MPRegen 0.11/turn

%: no passive effects
@: mighty, lethally poisoned (0 -> -8), hasted and slowed
A: runic magic, artefact enchanting
a: no special abilities


You were on level 3 of the Dungeon.
You visited 1 branch of the dungeon, and saw 3 of its levels.

You collected 151 gold pieces.

Inventory:

Hand Weapons
 c - a +0 dagger
 g - a +4 vampiric whip
 h - a +2 whip of venom (weapon)
Armour
 a - a +0 robe
 d - a +0 pair of gloves (worn)
 n - a +0 helmet (worn)
 s - a +0 ring mail (worn)
 u - a +0 cloak (worn)
Scrolls
 e - 2 scrolls of teleportation {unknown}
 k - a scroll of silence {unknown}
 l - 2 scrolls of vulnerability {unknown}
 m - a scroll of blinking {unknown}
 p - a scroll of poison {unknown}
 r - a scroll of immolation {unknown}
 t - a scroll of fear {unknown}
Potions
 b - a potion of magic
 i - a potion of heal wounds {unknown}
 j - a potion of cancellation {unknown}
 o - a potion of attraction {unknown}
 H - a potion of haste


   Skills:
 + Level 1.6 Fighting
 + Level 1.7 Armour
 - Level 1.3 Dodging
 - Level 1.4 Stealth
 * Level 2.6 Spellcasting
 * Level 2.2 Conjurations
 * Level 4.8 Fire Magic


You had 6 spell levels left.
You knew the following spells:

 Your Spells              Type           Power      Damage    Failure   Level
a - Foxfire               Conj/Fire      56%        2x1d6     5%          1
b - Scorch                Fire           36%        2d6       4%          2

Your spell library contained the following spells:

 Spells                   Type           Power      Damage    Failure   Level
 Magic Dart               Conj           36%        1d4       9%          1
 Inner Flame              Hex/Fire       10%        N/A       26%         3
 Volatile Blastmotes      Fire/Tloc      20%        2d11      26%         3
 Blink                    Tloc           4%         N/A       32%         2
 Call Imp                 Summ           4%         N/A       32%         2
 Ensorcelled Hibernation  Hex/Ice        4%         N/A       32%         2
 Flame Wave               Conj/Fire      14%        2d6       45%         4
 Gell's Gravitas          Tloc           2%         N/A       54%         3
 Passwall                 Erth           2%         N/A       54%         3
 Swiftness                Air            2%         N/A       54%         3
 Teleport Other           Tloc           2%         N/A       54%         3
 Dispersal                Tloc           1%         N/A       100%        6


Dungeon Overview and Level Annotations

Branches:
Dungeon (3/15)

Altars:
Fedhas


Innate Abilities, Weirdness & Mutations

Your spellcasting is much less encumbered by armour.
You can use scrolls of enchantment on lesser artefacts.


Message History

You are too injured to fight recklessly!
Unknown command.
You are too injured to fight recklessly!
You are too injured to fight recklessly!
Unknown command.
Casting: Foxfire (safe; 5% risk of failure)
Confirm with . or Enter, or press ? or * to list all spells.
You can't see any susceptible monsters within range! (Use Z to cast anyway.) Unknown command.
Unknown command.
Casting: Foxfire (safe; 5% risk of failure)
Confirm with . or Enter, or press ? or * to list all spells.
You conjure some foxfire!
You feel sick.
The foxfire hits the kobold brigand but does no damage.
The kobold brigand is lightly wounded.
The foxfire hits the kobold brigand but does no damage.
The kobold brigand is lightly wounded.
Casting: Foxfire (safe; 5% risk of failure)
Confirm with . or Enter, or press ? or * to list all spells.
Flames lash the kobold brigand but do no damage.
You feel sick.
The foxfire hits the kobold brigand but does no damage.
The kobold brigand is lightly wounded.
The foxfire hits the kobold brigand.
The kobold brigand is lightly wounded.
The kobold brigand throws a curare-tipped dart.
The curare-tipped dart hits you.
You are more poisoned.
You have difficulty breathing.
* * * LOW HITPOINT WARNING * * *
You feel as though you will be slow longer.
Casting: Scorch (safe; 4% risk of failure)
Confirm with . or Enter, or press ? or * to list all spells.
Flames lash the kobold brigand.
The kobold brigand is heavily wounded.
The kobold brigand's fire resistance burns away.
* * * LOW HITPOINT WARNING * * *
You feel very sick.
The kobold brigand throws a curare-tipped dart.
The curare-tipped dart barely misses you.
Unknown command.
It was a potion of might.
You feel very mighty all of a sudden.
* * * LOW HITPOINT WARNING * * *
You feel very sick.
The kobold brigand hits you from afar with a +3 trident.
* * * LOW HITPOINT WARNING * * *
It was a potion of haste.
You feel yourself speed up.
H - a potion of haste You die...

.........#......###..#
.......#.######.##...#
#..#...#.# #.##.#.#
#......#.# #>##.#.#
#..##..#.### #......#
#..##..#~~~#######.###
#...~~~~~~~~~## #)#
#####~≈≈≈~~~~####.#
###≈≈≈####)@..#
#####).K..###
...)).....#
#.....###### ######


You could see a kobold brigand (combustible).

Vanquished Creatures
  Natasha (D:3)
  6 adders
  2 ribbon worms
  3 dart slugs
  2 orcs (D:3)
  6 ball pythons
  5 endoplasms
  3 giant cockroaches
  4 goblins
  6 hobgoblins
  4 jackals (D:1)
  2 quokkas (D:2)
  3 bats
  5 frilled lizards
  9 kobolds
  5 rats
66 creatures vanquished.

Vanquished Creatures (others)
  195 foxfires
195 creatures vanquished.

Grand Total: 261 creatures vanquished

Notes
Turn   | Place    | Note
-------+----------+-------------------------------------------
     0 | D:1      | Sobieck the Mountain Dwarf Fire Elementalist began the
                  | quest for the Orb.
     0 | D:1      | Reached XP level 1. HP: 14/14 MP: 3/3
    68 | D:1      | Reached skill level 1 in Conjurations
   245 | D:1      | Reached XP level 2. HP: 22/22 MP: 1/4
   291 | D:1      | Learned a level 2 spell: Scorch
   417 | D:1      | Found a faded altar of an unknown god.
   702 | D:1      | Reached skill level 4 in Fire Magic
   783 | D:2      | Reached skill level 1 in Armour
   783 | D:2      | Reached XP level 3. HP: 27/27 MP: 2/6
   853 | D:2      | Reached skill level 1 in Fighting
  1322 | D:2      | Reached XP level 4. HP: 35/35 MP: 3/7
  1914 | D:3      | Found a blossoming altar of Fedhas.
  2074 | D:3      | Noticed Natasha
  2078 | D:3      | Killed Natasha
  2079 | D:3      | Reached XP level 5. HP: 40/40 MP: 3/8
  2334 | D:3      | HP: 2/40 [kobold brigand/+3 trident (4)]
  2335 | D:3      | Succumbed to a kobold brigand's curare-tipped dart

Illustrated notes

Levels and vault maps discovered:
D:1:      mrwooster_arrival_statue_3, layout_basic,
          hellmonk_ecumenical_altar_heavens_door
D:2:      layout_rooms
D:3:      cheibrodos_thug_alley, layout_loops_cross,
          mainiacjoe_overflow_concentric_impassable, overflow_temple_1_default,
          grunt_ministairs_11, uniq_natasha

Skill      XL: |  1  2  3  4 |
---------------+-------------+-----
Conjurations   | 1 2 |  2.2
Spellcasting   | 2 |  2.6
Fire Magic     | 4 |  4.8
Armour         | 1 |  1.7
Fighting       | 1 |  1.6
Dodging        | |  1.3
Stealth        | |  1.4

Action                     |  1- 3 |  4- 6 || total
---------------------------+-------+-------++-------
  Melee: Dagger            |     2 |       ||     2
         Whip              |    39 |    20 ||    59
   Cast: Foxfire           |    57 |    55 ||   112
         Scorch            |       |     2 ||     2
    Use: Potion            |       |     2 ||     2
 Armour: Robe              |    41 |       ||    41
         Ring mail         |       |    12 ||    12
  Dodge: Dodged            |    35 |     8 ||    43

Table legend: (Time is in decaauts)
 A = Elapsed time spent in this place.
 B = Non-inter-level travel time spent in this place.
 C = Inter-level travel time spent in this place.
 D = Time resting spent in this place.
 E = Time spent auto-exploring this place.
 F = Levels seen in this place.
 G = Mean time per level.
                   A        B        C        D        E       F      G
               +--------+--------+--------+--------+--------+-----+--------+
         Total |   2346 |   2291 |     55 |      0 |   1868 |   3 |  782.0 |
       Dungeon |   2346 |   2291 |     55 |      0 |   1868 |   3 |  782.0 |
               +--------+--------+--------+--------+--------+-----+--------+

Top non-repeatable levels by time:
     D:2: 836 daAuts
     D:1: 757 daAuts
     D:3: 752 daAuts
